 Dungeon Crawl Stone Soup version 0.19-a0-1035-gdbfb0c6 (webtiles) character file.

13168 JustSomeDude the Fighter (level 11, -41/95 HPs)
             Began as a Demonspawn Monk on July 28, 2016.
             Was an Elder of Hepliaklqana.
             Annihilated by a titanic slime creature (83 damage)
             ... on level 13 of the Dungeon on July 29, 2016.
             The game lasted 01:23:08 (10867 turns).

JustSomeDude the Fighter (Demonspawn Monk)         Turns: 10867, Time: 01:23:08

Health: -41/95     AC: 15    Str: 17    XL:     11   Next: 72%
Magic:  0/14       EV: 16    Int: 13    God:    Hepliaklqana [****..]
Gold:   418        SH:  5    Dex: 16    Spells: 0 memorised, 10 levels left

rFire  + . .     SeeInvis .     p - +1 war axe
rCold  . . .     Gourm    .     m - +2 ring mail "Inkadull" {MR+ Str+4 Slay+3}
rNeg   + + .     Faith    .     h - +0 buckler
rPois  .         Spirit   +     (helmet restricted)
rElec  .         Dismiss  .     v - +0 cloak
rCorr  .         Reflect  .     g - +0 pair of gloves
SustAt .         Harm     +     (no boots)
MR     ++...                    e - amulet of harm
Stlth  ++++......               R - ring of Koaseat {rN++ Stlth+}
                                q - ring of protection from magic

@: very resistant to hostile enchantments, stealthy
A: horns 2, iridescent scales 1, demonic guardian 2, fire resistance 1, mutation
resistance 1, regeneration 1, robust 1, magic shield, magic regeneration
a: Recall Ancestor, Ancestor Identity, Transference, Idealise, Renounce Religion


You were on level 13 of the Dungeon.
You worshipped Hepliaklqana.
Hepliaklqana was greatly pleased with you.
You were not hungry.

You visited 2 branches of the dungeon, and saw 14 of its levels.

You collected 818 gold pieces.
You spent 400 gold pieces at shops.

Inventory:

Hand Weapons
 a - a +0 spear
 p - a +1 war axe (weapon)
 O - a +0 battleaxe
Missiles
 A - 3 exploding tomahawks (quivered)
 P - 2 silver javelins
Armour
 f - a +2 chain mail of cold resistance
 g - a +0 pair of gloves (worn)
 h - a +0 buckler (worn)
 m - the +2 ring mail "Inkadull" (worn) {MR+ Str+4 Slay+3}
   (You found it on level 5 of the Dungeon)

   It affects your strength (+4).
   It affects your accuracy and damage with ranged weapons and melee attacks
   (+3).
   It affects your resistance to hostile enchantments.
 v - a +0 cloak (worn)
Rods
 y - a +0 lightning rod (9/9)
   (You found it on level 6 of the Dungeon)
Jewellery
 e - an amulet of harm (around neck)
 q - a ring of protection from magic (left hand)
 R - the ring of Koaseat (right hand) {rN++ Stlth+}
   (You found it on level 10 of the Dungeon)

   [ring of stealth]

   It greatly protects you from negative energy.
   It makes you more stealthy.
 T - an uncursed ring of positive energy
 X - an uncursed ring of sustain attributes
Wands
 J - a wand of flame (21/48)
 Q - a wand of random effects (15/48)
Scrolls
 b - 4 scrolls of enchant weapon
 d - a scroll of noise
 i - 2 scrolls of fear
 j - 7 scrolls of remove curse
 k - 7 scrolls of identify
 n - 4 scrolls of recharging
 o - 3 scrolls of magic mapping
 r - 2 scrolls of enchant armour {unknown}
 s - 2 scrolls of random uselessness {unknown}
 w - a scroll of immolation
 x - 2 scrolls of fog {unknown}
 F - 3 scrolls of amnesia
 L - a scroll of teleportation
 N - 2 scrolls of blinking {unknown}
Potions
 t - a potion of agility
 u - a potion of resistance {unknown}
 z - a potion of curing {unknown}
 D - 2 potions of heal wounds {unknown}
 E - a potion of might
 H - a potion of mutation {unknown}
 M - a potion of berserk rage {unknown}
 V - a potion of brilliance {unknown}
Books
 G - a book of Transfigurations

   Spells                             Type                      Level
   a - Irradiate                      Conjuration/Transmutation    5
   b - Statue Form                    Transmutation/Earth          6
   c - Hydra Form                     Transmutation                6
   d - Dragon Form                    Transmutation                7
 S - a book of Debilitation

   Spells                             Type                      Level
   a - Corona                         Hexes                        1
   b - Slow                           Hexes                        2
   c - Gell's Gravitas                Hexes/Translocation          3
   d - Inner Flame                    Hexes/Fire                   3
   e - Cause Fear                     Hexes                        4
   f - Leda's Liquefaction            Hexes/Earth                  4
Miscellaneous
 C - a lamp of fire (inert)
Comestibles
 c - 4 bread rations
 l - a slice of pizza
 B - 2 meat rations
 I - 18 fruits


   Skills:
 + Level 8.7 Fighting
 + Level 7.6(8.2) Axes
 + Level 4.8(6.9) Polearms
 + Level 6.9 Armour
 + Level 8.2 Dodging
 + Level 5.6 Stealth
 + Level 5.4 Shields
 * Level 4.1 Invocations
 + Level 1.2 Evocations


You had 10 spell levels left.
You didn't know any spells.

Dungeon Overview and Level Annotations

Branches:
Dungeon (13/15)            Temple (1/1) D:5            Lair (0/6) D:11
    Orc (0/2) D:10
 Vaults: D:13-14

Altars:
Ashenzari
Cheibriados
Dithmenos
Elyvilon
Fedhas
Gozag
Hepliaklqana
Kikubaaqudgha
Makhleb
Nemelex Xobeh
Okawaru
Pakellas
Qazlal
Ru
Sif Muna
Trog
Uskayaw
Vehumet
Xom
Yredelemnul
Zin
The Shining One

Shops:
D:7 *%}:   D:11 *

Portals:
Trove: D:12 (give +4 ice dragon armour)


Innate Abilities, Weirdness & Mutations

You have a pair of horns on your head.
You are partially covered in iridescent scales. (AC +4)
A demonic guardian rushes to your aid.
Your flesh is heat resistant. (rF+)
When hurt, damage is shared between your health and your magic reserves.
You regenerate magic rapidly.
You are somewhat resistant to further mutation.
Your natural rate of healing is unusually fast.
You are robust. (+10% HP)


Message History

The stone arrow hits the very large slime creature.
The slime creature is engulfed in a cloud of scalding steam.
Two slime creatures merge to form an enormous slime creature.
Two slime creatures merge to form a titanic slime creature.
TheDuskSetsIn barely misses the titanic slime creature.
You hit the titanic slime creature.
The titanic slime creature is moderately wounded.
TheDuskSetsIn barely misses the titanic slime creature.
You slash the titanic slime creature!
The titanic slime creature is moderately wounded.
TheDuskSetsIn gestures at the titanic slime creature while chanting.
The stone arrow hits the titanic slime creature.
You slash the titanic slime creature!
The titanic slime creature is heavily wounded.
The titanic slime creature hits you!!!
Ouch! That really hurt!
TheDuskSetsIn hits the titanic slime creature with a quarterstaff!
You swap places.
The titanic slime creature hits you!!!!
Ouch! That really hurt!
You die...

###..# #...## ##+#
####.###### .....
#.........# .....
#.........# ......
#.........#
......###..>......#
.....cJR#.........#.
......#@#...........#
##### #...........###
###.........#
#######.### .# ##


You could see the friendly TheDuskSetsIn the battlemage, a titanic slime
creature and a yaktaur.

Vanquished Creatures
  The ghost of 4thArraOfDagon the Cleaver, a novice MiBe of Trog (D:10)
  2 hill giants
  An ugly thing (D:12)
  A cyclops (D:11)
  Grinder (D:5)
  The ghost of Xiguana the Slasher, an amateur HEFi of Ashenzari (D:4)
  A shadow (D:11)
  A wraith (D:10)
  A hungry ghost (D:11)
  A vampire mosquito (D:10)
  A hippogriff (D:11)
  A soldier ant (D:12)
  A water moccasin (D:5)
  An ice beast (D:5)
  2 orc warriors
  A wasp (D:9)
  A phantom (D:11)
  3 ogres
  2 necrophages
  7 centaurs
  A crocodile (D:10)
  6 big kobolds
  5 giant frogs
  A scorpion (D:12)
  5 killer bees (D:9)
  2 wights (D:7)
  A centaur zombie (D:11)
  4 crimson imps
  2 giant frog zombies
  2 quasits
  A jelly (D:11)
  2 hounds
  11 orc priests
  Crazy Yiuf (D:6)
  A gnoll shaman (D:7)
  10 orc wizards
  3 centaur skeletons
  Natasha (D:2)
  8 worker ants
  A hound skeleton (D:3)
  10 gnolls
  9 adders
  A shadow imp (D:9)
  2 oozes (D:3)
  A worm (D:2)
  A dart slug (D:1)
  2 giant geckos (D:3)
  28 orcs
  2 ball pythons
  8 bats
  7 giant cockroaches
  10 goblins
  5 hobgoblins
  6 jackals
  44 kobolds
  4 quokkas
  A giant gecko skeleton (D:4)
  6 giant newts
  2 jackal skeletons
  3 quokka skeletons
  A quokka zombie (D:5)
  8 rats
260 creatures vanquished.

Vanquished Creatures (collateral kills)
  2 unseen horrors (D:10)
  The ghost of happinesssam the Carver, a novice DgFi (D:7)
  3 hill giants
  A cyclops (D:12)
  A centaur zombie (D:12)
  A troll (D:10)
  Sigmund (D:6)
  A hippogriff (D:11)
  A hungry ghost (D:8)
  2 vampire mosquitoes (D:10)
  A water moccasin (D:7)
  An ice beast (D:11)
  An orc warrior (D:12)
  2 sky beasts
  A wasp (D:12)
  A black bear (D:8)
  2 phantoms
  An ogre (D:10)
  2 centaurs (D:11)
  A big kobold (D:9)
  A scorpion (D:5)
  4 killer bees
  A wight (D:7)
  A crimson imp (D:10)
  3 hounds
  3 orc priests
  5 orc wizards
  A centaur skeleton (D:9)
  An iguana (D:12)
  Terence (D:3)
  Natasha (D:2)
  4 worker ants
  A hound skeleton (D:6)
  2 gnolls (D:7)
  3 adders
  An adder zombie (D:9)
  13 orcs
  A jackal (D:8)
  7 kobolds
81 creatures vanquished.

Vanquished Creatures (others)
  An unseen horror (D:11)
  A battlemage (D:8)
  A fungus (D:6)
3 creatures vanquished.

Grand Total: 344 creatures vanquished

Notes
Turn   | Place    | Note
-------+----------+-------------------------------------------
     0 | D:1      | JustSomeDude the Demonspawn Monk began the quest for the Orb.
     0 | D:1      | Reached XP level 1. HP: 18/18 MP: 1/1
   332 | D:1      | Gained mutation: A weak demonic guardian rushes to your aid. [demonic ancestry]
   332 | D:1      | Reached XP level 2. HP: 24/24 MP: 2/2
   796 | D:1      | Gained mutation: You have a pair of small horns on your head. [demonic ancestry]
   796 | D:1      | Reached XP level 3. HP: 29/29 MP: 3/3
  1512 | D:2      | Noticed Natasha
  1520 | D:2      | Killed Natasha
  1520 | D:2      | Reached XP level 4. HP: 25/35 MP: 4/4
  1952 | D:2      | Noticed Natasha
  2052 | D:2      | Killed Natasha
  2179 | D:3      | Noticed Terence
  2205 | D:3      | Noticed a big kobold
  2225 | D:3      | Killed Terence
  2225 | D:3      | Reached XP level 5. HP: 25/41 MP: 5/5
  2239 | D:3      | Reached skill level 1 in Armour
  2559 | D:3      | Found a shadowy altar of Dithmenos.
  3064 | D:3      | Gained mutation: When hurt, damage is shared between your health and your magic reserves. [demonic ancestry]
  3064 | D:3      | Reached XP level 6. HP: 23/48 MP: 6/6
  3324 | D:3      | Reached skill level 1 in Shields
  3811 | D:4      | Found a glowing silver altar of Zin.
  3829 | D:4      | Gained mutation: You regenerate magic rapidly. [demonic ancestry]
  3829 | D:4      | Reached XP level 7. HP: 43/54 MP: 5/7
  4314 | D:4      | Noticed Xiguana's ghost (amateur HEFi)
  4347 | D:4      | Killed Xiguana's ghost
  4676 | D:4      | Reached skill level 5 in Fighting
  4676 | D:4      | Reached skill level 1 in Axes
  4676 | D:4      | Gained mutation: A demonic guardian rushes to your aid. [demonic ancestry]
  4676 | D:4      | Reached XP level 8. HP: 59/62 MP: 6/8
  4751 | D:5      | Entered Level 5 of the Dungeon
  4974 | D:5      | Got a transparent ring mail
  4976 | D:5      | Identified the +2 ring mail "Inkadull" {MR+ Str+4 Slay+3} (You found it on level 5 of the Dungeon)
  5475 | D:5      | Noticed Grinder
  5485 | D:5      | Killed Grinder
  5485 | D:5      | Reached skill level 5 in Dodging
  5616 | D:5      | Found a staircase to the Ecumenical Temple.
  5665 | Temple   | Entered the Ecumenical Temple
  6067 | Temple   | Became a worshipper of Hepliaklqana
  6067 | Temple   | Reached * piety under Hepliaklqana
  6067 | Temple   | Reached ** piety under Hepliaklqana
  6088 | Temple   | Remembered your ancestor TheDuskSetsIn as a battlemage
  6279 | D:6      | Noticed Sigmund
  6282 | D:6      | Killed Sigmund
  6487 | D:6      | Gained mutation: You have a pair of horns on your head. [demonic ancestry]
  6487 | D:6      | Reached XP level 9. HP: 65/69 MP: 9/9
  6493 | D:6      | Found a sparkling altar of Nemelex Xobeh.
  6496 | D:6      | Found an ancient bone altar of Kikubaaqudgha.
  6496 | D:6      | Found a sacrificial altar of Ru.
  6498 | D:6      | Found a white marble altar of Elyvilon.
  6498 | D:6      | Found a hide-covered altar of Uskayaw.
  6812 | D:6      | Noticed a hill giant
  6815 | D:6      | Killed a hill giant
  6824 | D:6      | Found a runed door.
  6828 | D:6      | Noticed Crazy Yiuf
  6834 | D:6      | Killed Crazy Yiuf
  6903 | D:7      | Noticed happinesssam's ghost (novice DgFi)
  6909 | D:7      | Killed happinesssam's ghost
  6909 | D:7      | Reached skill level 5 in Armour
  6961 | D:7      | Gained mutation: You have a pair of large horns on your head. [mutagenic meat]
  6964 | D:7      | Gained mutation: Your natural rate of healing is unusually fast. [mutagenic meat]
  6967 | D:7      | Gained mutation: You are somewhat resistant to further mutation. [mutagenic meat]
  6970 | D:7      | Gained mutation: You are robust. (+10% HP) [mutagenic meat]
  6973 | D:7      | Lost mutation: You have a pair of large horns on your head. [mutagenic meat]
  6983 | D:7      | Found Zeodus's Food Boutique.
  7099 | D:7      | Found Tylinem's Gadget Shoppe.
  7117 | D:7      | Reached skill level 5 in Axes
  7120 | D:7      | Found Purait's Book Shop.
  7121 | D:7      | Bought a lamp of fire for 400 gold pieces
  7290 | D:7      | Found a shimmering altar of Xom.
  7291 | D:7      | Found a glowing golden altar of the Shining One.
  7336 | D:7      | Found Noycsul's Assorted Antiques.
  7586 | D:8      | Noticed a hill giant
  7593 | D:8      | Killed a hill giant
  7593 | D:8      | Gained mutation: Your flesh is heat resistant. (rF+) [demonic ancestry]
  7593 | D:8      | Reached XP level 10. HP: 45/86 MP: 5/10
  7871 | D:8      | Found an iron altar of Okawaru.
  7984 | D:8      | Reached *** piety under Hepliaklqana
  8203 | D:9      | Found a bloodstained altar of Trog.
  8476 | D:9      | Found a shadowy altar of Dithmenos.
  8706 | D:10     | Entered Level 10 of the Dungeon
  8781 | D:10     | Killed an unseen horror
  8876 | D:10     | Killed an unseen horror
  8885 | D:10     | Got a bound wooden ring
  8886 | D:10     | Identified the ring of Koaseat {rN++ Stlth+} (You found it on level 10 of the Dungeon)
  8984 | D:10     | Found a glowing silver altar of Zin.
  9042 | D:10     | Reached skill level 5 in Shields
  9130 | D:10     | Noticed 4thArraOfDagon's ghost (novice MiBe)
  9153 | D:10     | Killed 4thArraOfDagon's ghost
  9156 | D:10     | Upgraded the game from 0.19-a0-1025-g778f431 to 0.19-a0-1035-gdbfb0c6
  9236 | D:10     | Found a staircase to the Orcish Mines.
  9305 | D:10     | Gained mutation: You are partially covered in iridescent scales. (AC +4) [demonic ancestry]
  9305 | D:10     | Reached XP level 11. HP: 94/94 MP: 11/11
  9463 | D:11     | Noticed a hill giant
  9471 | D:11     | Killed a hill giant
  9477 | D:11     | Found Hyexisen's General Store.
  9496 | D:11     | Killed an unseen horror
  9569 | D:11     | Reached skill level 1 in Invocations
  9753 | D:11     | Reached **** piety under Hepliaklqana
  9793 | D:11     | Noticed a hill giant
  9798 | D:11     | Killed a hill giant
 10025 | D:11     | Found a staircase to the Lair.
 10143 | D:11     | Noticed a hill giant
 10151 | D:11     | Killed a hill giant
 10151 | D:11     | Reached skill level 1 in Evocations
 10194 | D:12     | Found a portal to a secret trove of treasure.
 10248 | D:12     | Noticed a green ugly thing
 10254 | D:12     | Killed a green ugly thing
 10316 | D:12     | Reached skill level 5 in Stealth
 10692 | D:12     | Found a burning altar of Makhleb.
 10694 | D:12     | Noticed a green death
 10867 | D:13     | Annihilated by a titanic slime creature

Vault maps used:
D:1:      dpeg_arrival_stonehenge_8_columns, minmay_tetromino_o2
D:2:      first_bread, uniq_natasha
D:3:      minmay_goblin_kobold_castle, nicolae_dithmenos_shadow_blocks,
          uniq_terence
D:4:      lemuel_doored_altar, serial_curves, eino_curves_03, eino_curves_02,
          minmay_misc_feat_tiny, kennysheep_generic_room_12
D:5:      grunt_ministairs_14, uniq_grinder
D:6:      grunt_temple_overflow_open, serial_bayou_pond_a,
          uniq_crazy_yiuf_cottage, uniq_sigmund
D:7:      gammafunk_temple_overflow_pools, serial_shops, shop, shop,
          nicolae_shop_temple_entry_statues_fountains, nicolae_shop_waterfront,
          kennysheep_generic_room_13
D:8:      lemuel_crystal_altar, blue_anna_alchemist
D:9:      kennysheep_mini, david_defended_altar_orc
D:10:     orc_0_dummy, basic_altar
D:11:     lair_0_dummy, serial_shops, shop, kennysheep_windowed_goal
D:12:     enter_trove_2, makhleb_altar_promises_db
D:13:     david_vaults_2, uniq_kirke
Temple:   minmay_temple_forest_path

Skill      XL: |  1  2  3  4  5  6  7  8  9 10 11 |
---------------+----------------------------------+-----
Dodging        | 3 4 5 6 7 8 |  8.2
Polearms       | 3 4 |  4.8
Stealth        | 2 3 4 5 |  5.6
Armour         | 1 2 3 4 5 6 |  6.9
Fighting       | 4 5 7 8 |  8.7
Shields        | 1 2 3 4 5 |  5.4
Axes           | 1 3 5 6 7 |  7.6
Invocations    | 4 |  4.1
Evocations     | 1 |  1.2

Action                   |  1- 3 |  4- 6 |  7- 9 | 10-12 || total
-------------------------+-------+-------+-------+-------++-------
Melee: Spear             |   114 |   374 |    43 |     9 ||   540
       Headbutt          |     5 |    48 |    62 |    68 ||   183
       War axe           |       |       |   228 |   240 ||   468
Invok: Recall Ancestor   |       |       |     1 |     1 ||     2
       Ancestor Life: Ba |       |       |     1 |       ||     1
       Ancestor Identity |       |       |     1 |       ||     1
Evoke: Lamp of fire      |       |       |       |     1 ||     1
       Wand              |       |       |       |     4 ||     4
  Use: Scroll            |       |     3 |     3 |    13 ||    19
       Potion            |       |     2 |     1 |     3 ||     6
 Stab: Sleeping          |     7 |     1 |     1 |    13 ||    22
       Distracted        |       |       |     2 |     4 ||     6
  Eat: Chunk             |     2 |     7 |    11 |     4 ||    24
       Beef jerky        |       |     1 |       |       ||     1
       Bread ration      |       |       |     2 |       ||     2
       Fruit             |       |       |       |     6 ||     6
Armor: Robe              |    10 |       |       |       ||    10
       Leather armour    |     3 |     1 |       |       ||     4
       Ring mail         |       |    21 |    36 |    76 ||   133
       Chain mail        |       |   175 |   110 |       ||   285
Dodge: Dodged            |    42 |   144 |    99 |   182 ||   467
Block: Buckler           |     4 |    60 |    52 |    71 ||   187
